 Dungeon Crawl Stone Soup version 0.29-a0-775-g4d7333d4e2 (webtiles) character file.

Game seed: 1501608358844682639

64 Sabo the Trooper (level 3, 34/34 HPs)
             Began as a Minotaur Fighter on July 1, 2022.
             Was a Follower of Jiyva.
             Got out of the dungeon alive.
             The game lasted 00:06:26 (1517 turns).

Sabo the Trooper (Minotaur Fighter)                 Turns: 1517, Time: 00:06:27

Health: 34/34      AC:  7    Str: 22    XL:     3   Next: 91%
Magic:  2/2        EV:  9    Int:  5    God:    Jiyva [*.....]
Gold:   59         SH:  4    Dex:  9    Spells: 2/2 levels left

rFire   . . .      SeeInvis +   a - +0 war axe
rCold   . . .      Faith    .   c - +0 buckler
rNeg    . . .      Spirit   .   b - +0 scale mail
rPois   .          Reflect  .   (helmet restricted)
rElec   .          Harm     .   (no cloak)
rCorr   .          Rampage  .   (no gloves)
Will    .....                   (no boots)
Stlth   ..........              j - amulet of the acrobat
HPRegen 0.91/turn               l - ring of see invisible
MPRegen 0.33/turn               (no ring)

@: no status effects
A: horns 2, retaliatory headbutt
a: Renounce Religion


You escaped.
You worshipped Jiyva.
Jiyva was aware of your devotion.
You visited 1 branch of the dungeon, and saw 2 of its levels.

You collected 59 gold pieces.

Inventory:

Hand Weapons
 a - a +0 war axe (weapon)
 f - a +2 short sword of flaming
Armour
 b - a +0 scale mail (worn)
 c - a +0 buckler (worn)
Jewellery
 j - an amulet of the acrobat (around neck)
 l - a ring of see invisible (left hand)
Scrolls
 g - a scroll of enchant weapon {unknown}
 i - a scroll of teleportation {unknown}
 k - a scroll of identify {unknown}
Potions
 d - a potion of might
 e - 2 potions of resistance {unknown}
 h - a potion of curing {unknown}
 m - 2 potions of attraction {unknown}


   Skills:
 + Level 4.4 Fighting
 + Level 3.0 Axes
 + Level 4.3 Armour
 + Level 0.1 Dodging
 + Level 4.2 Shields


You had 2 spell levels left.
You didn't know any spells.
Your spell library was empty.

Dungeon Overview and Level Annotations

Branches:
Dungeon (2/15)

Altars:
Jiyva


Innate Abilities, Weirdness & Mutations

You have a pair of horns on your head.
You reflexively headbutt those who attack you in melee.


Message History

You kill the hobgoblin!
You see here a hobgoblin corpse.
Found an encrusted steel ring.
Okay, then.
Found 2 sedimented coppery potions.
l - a ring of see invisible
l - a ring of see invisible (left hand)
m - 2 sedimented coppery potions A worm comes into view.
The worm closely misses you.
You barely miss the worm. Your headbutt misses the worm.
The worm completely misses you.
You hit the worm but do no damage. The worm bites you but does no damage.
You slash the worm! Your headbutt misses the worm.
The worm is severely wounded.
You slash the worm!
You kill the worm!
You see here a worm corpse.
Found a robe.
You see here a +0 robe.
You see here a +0 robe.
There is a stone staircase leading up here.
Jiyva says: Divide and consume!
You hear a distant slurping noise.
You hear a distant slurping noise.
You hear a distant slurping noise.
You hear a distant slurping noise.
There is a stone staircase leading up here.
You see here a +0 robe.
You hear a slurping noise.
You hear a slurping noise.
You swap places.
There is a stone staircase leading up here.
You can't go down here!
You climb upwards.
There is a stone staircase leading down here.
There is a large open door here.
There is a staircase leading out of the dungeon here.
Are you sure you want to leave the Dungeon?
This will make you lose the game!
You have escaped!

..........#....[.........#...##.#
.......)..###........[...#...##..
#.........###............#...##..
#....##.>.....................##.
#....##........................'.
.....##...###............#..|#.#.
..#..##...# #...............##.#.
8.#..##################.....##)..
..#..### #8...@..8# #.....###..
..##...# #≈.....§§# #.....# #..
..#....#####≈.....§≈# #.....# ##.
..#.......##≈.....§§# #.....####.
.8####....##≈..88.§§###.......##.
.⌠8.......##≈.....§§##........##.
....8.....##≈......§##........##.
######....##≈......§#.........###
.....'.....#8......8#.........# #


There were no monsters in sight!

Vanquished Creatures
  A gnoll (D:1)
  A worm (D:2)
  4 bats
  3 endoplasms (D:1)
  4 giant cockroaches
  6 goblins
  5 hobgoblins
  8 jackals
  4 quokkas (D:1)
  2 ball pythons
  A frilled lizard (D:1)
  3 kobolds
  2 rats (D:1)
44 creatures vanquished.

Notes
Turn   | Place    | Note
-------+----------+-------------------------------------------
     0 | D:1      | Sabo the Minotaur Fighter began the quest for the Orb.
     0 | D:1      | Reached XP level 1. HP: 19/19 MP: 0/0
    52 | D:1      | Reached XP level 2. HP: 24/27 MP: 1/1
   622 | D:1      | Reached XP level 3. HP: 27/33 MP: 2/2
  1244 | D:2      | Found a faded altar of an unknown god.
  1253 | D:2      | Prayed at the altar of an unknown god.
  1253 | D:2      | Became a worshipper of Jiyva Jarewosa the Shapeless
  1253 | D:2      | Reached * piety under Jiyva
  1517 | D:$      | Got out of the dungeon alive.

Illustrated notes

Levels and vault maps discovered:
D:1:      lightli_arrival_noodles, layout_basic, chequers_decorated_corner
D:2:      layout_loops_ring, ebering_ecumenical_altar_mist

Skill      XL: |  1  2  3 |
---------------+----------+-----
Fighting       | 4 |  4.4
Shields        | 4 |  4.2
Armour         | 4 |  4.3
Axes           | 3 |  3.0
Dodging        | |  0.1

Action                   || total
-------------------------++-------
Melee: War axe           ||    83
       Headbutt          ||    17
Armor: Scale mail        ||    48
Dodge: Dodged            ||    71
Block: Buckler           ||    25

Table legend: (Time is in decaauts)
 A = Elapsed time spent in this place.
 B = Non-inter-level travel time spent in this place.
 C = Inter-level travel time spent in this place.
 D = Time resting spent in this place.
 E = Time spent auto-exploring this place.
 F = Levels seen in this place.
 G = Mean time per level.
                   A        B        C        D        E       F      G
               +--------+--------+--------+--------+--------+-----+--------+
         Total |   1550 |   1550 |      0 |    395 |      0 |   2 |  775.0 |
       Dungeon |   1550 |   1550 |      0 |    395 |      0 |   2 |  775.0 |
               +--------+--------+--------+--------+--------+-----+--------+

Top non-repeatable levels by time:
     D:1: 1117 daAuts
     D:2: 433 daAuts
